 Dungeon Crawl Stone Soup version 0.27.1-2-g3b301248ec (webtiles) character file.

Game seed: 11470600901312055167

0 TheGamechu the Gusty (level 1, -1/14 HPs)
             Began as a Draconian Air Elementalist on Sept 24, 2021.
             Frozen to death by an endoplasm (3 damage)
             ... on level 1 of the Dungeon.
             The game lasted 00:00:28 (138 turns).

TheGamechu the Gusty (Draconian Air Elementalist)    Turns: 138, Time: 00:00:29

Health: -1/14      AC:  4    Str: 10    XL:     1   Next: 8%
Magic:  2/3        EV: 12    Int: 15    God:
Gold:   11         SH:  0    Dex: 11    Spells: 3/4 levels left

rFire    . . .     SeeInvis .   (no weapon)
rCold    . . .     Faith    .   (no shield)
rNeg     . . .     Spirit   .   (armour unavailable)
rPois    .         Reflect  .   (helmet restricted)
rElec    .         Harm     .   (no cloak)
rCorr    .         Rampage  .   (no gloves)
Will     .....                  (no boots)
Stlth    ++........             (no amulet)
HPRegen  0.04/turn              (no ring)
MPRegen  0.08/turn              (no ring)

@: no status effects
A: AC +4, unfitting armour, cold-blooded
a: no special abilities


You were on level 1 of the Dungeon.
You visited 1 branch of the dungeon, and saw 1 of its levels.

You collected 11 gold pieces.

Inventory:

Scrolls
 b - a scroll of blinking {unknown}
Potions
 a - a potion of flight {unknown}


   Skills:
 + Level 1.8 Dodging
 + Level 1.7 Stealth
 + Level 2.0 Spellcasting
 + Level 1.0 Conjurations
 + Level 3.0 Air Magic


You had 3 spell levels left.
You knew the following spells:

 Your Spells              Type           Power      Damage    Failure   Level
a - Shock                 Conj/Air       28%        1d4       10%         1

Your spell library contained the following spells:

 Spells                   Type           Power      Damage    Failure   Level
 Static Discharge         Conj/Air       7%         N/A       14%         2
 Swiftness                Air            10%        N/A       19%         3
 Airstrike                Air            5%         N/A       54%         4


Dungeon Overview and Level Annotations

Branches:
Dungeon (1/15)

Altars:


Innate Abilities, Weirdness & Mutations

Your plain brown scales are hard. (AC +4)
You cannot fit into any form of body armour.
You are cold-blooded and may be slowed by cold attacks.


Message History

Confirm with . or Enter, or press ? or * to list all spells.
Aiming: Shock (safe; 10% risk of failure)
Press: ? - help, Shift-Dir - straight line, f/p - frilled lizard
Aim: a frilled lizard (48% to hit)
The zap hits the frilled lizard.
You kill the frilled lizard!
Casting: Shock (safe; 10% risk of failure)
Confirm with . or Enter, or press ? or * to list all spells.
Aiming: Shock (safe; 10% risk of failure)
Press: ? - help, Shift-Dir - straight line, f - endoplasm
Aim: an endoplasm (wandering, hasn't noticed you, 97% to hit)
The zap hits the endoplasm.
The endoplasm is moderately wounded.
The endoplasm quivers.
You hit the endoplasm but do no damage.
The endoplasm is moderately wounded.
The giant cockroach waves its antennae.
The endoplasm freezes you.
You are frozen.
You feel yourself slow down.
You hit the endoplasm but do no damage.
The endoplasm is moderately wounded.
The endoplasm freezes you.
You are frozen.
You hit the endoplasm but do no damage.
The endoplasm is moderately wounded.
The endoplasm hits you but does no damage.
The endoplasm closely misses you.
You hit the endoplasm.
The endoplasm is severely wounded.
The giant cockroach waves its antennae.
The endoplasm freezes you.
You are frozen.
* * * LOW HITPOINT WARNING * * *
You feel as though you will be slow longer.
The endoplasm hits you but does no damage.
The endoplasm closely misses you.
You feel yourself speed up. The endoplasm freezes you.
You are frozen.
You die...

#.###### #..#
#.#....###..### ..
#.#.#.........###
#.#########.#.............#
.........##.#.............#
.........##..........#######
.........#.B................
.........##J##.#############
.........##@##.#
.........##.##.# #####
#+######.##.##.# #...# #
#.##.##.# #.#.###
#.######.##.##.# #.....#
###...........##.####..####
.......................#
.........#..#######.#..#
########.#..#######.#..#


You could see an endoplasm and a giant cockroach.

Vanquished Creatures
  A frilled lizard (D:1)
1 creature vanquished.

Notes
Turn   | Place    | Note
-------+----------+-------------------------------------------
     0 | D:1      | TheGamechu the Draconian Air Elementalist began the quest
                  | for the Orb.
     0 | D:1      | Reached XP level 1. HP: 14/14 MP: 3/3
   138 | D:1      | Frozen to death by an endoplasm

Illustrated notes

Levels and vault maps discovered:
D:1:      minmay_arrival_plants_in_alcoves, layout_basic

Action                   || total
-------------------------++-------
Melee: Unarmed           ||     4
 Cast: Shock             ||     3
Armor: Skin              ||     2
Dodge: Dodged            ||     2
